Map: Lost and Found LE

Players

Gemini

  • Race: Protoss Protoss
  • League: Master
  • Spawn Location: 1:00

A.I. 1 (Very Easy) - Winner!

  • Race: Zerg Zerg
  • Spawn Location: 7:00

VOD

Have the link to the VOD?

Description

Time

  • Played on: May 19, 2018, 11:46 p.m.
  • Length: 4:11
Show
View Real Time Build Order
Export as new Build Order

Gemini Protoss 

Build Orders:  

Get SALT Encoding   

  12  0:01  Probe  
  13  0:13  Probe  
  14  0:17  Pylon  
  14  0:25  Probe  
  15  0:33  Probe  
  15  0:38  Gateway  
  15  0:41  Probe  
  17  0:50  Assimilator  
  17  0:51  Probe  
  17  0:55  Assimilator  
  18  1:04  Probe  
  19  1:09  Gateway  
  19  1:16  Probe  
  20  1:26  Cybernetics Core  
  20  1:28  Probe  
  21  1:36  Pylon  
  21  1:40  Probe  
  22  2:03  Sentry  
Show
View Real Time Build Order
Export as new Build Order

A.I. 1 (Very Easy) Zerg - Winner!

Build Orders: Pool Only 

Get SALT Encoding   

  12  0:00  Drone  
  13  0:12  Overlord  
  13  0:16  Drone  
  14  0:34  Spawning Pool  
  13  0:36  Drone  
  13  0:41  Extractor  
  13  0:44  Drone  
  14  0:51  Overlord  
  14  1:21  Queen  
  14  1:22  Zergling x2  
  17  1:29  Roach Warren  
  17  1:31  Extractor  
  15  1:34  Drone  
  16  1:41  Drone, Zergling x2  
  18  1:55  Drone  
  18  1:59  Zergling x2  
  20  2:06  Drone  
  21  2:17  Drone  
  22  2:28  Overlord, Drone  
  23  2:35  Drone  
  24  2:42  Drone  
Tags
 
League
Master
Matchup
PvZ
Opening
Pool Only
Spawn Locations
Cross Positions
Add a new tag
Caveats
  • Supply blocks, unpowered buildings, or Contaminate may cause inaccurate times.
  • Supply counts are checked every 10 seconds.